woodfighter, chaotic female elven Priestess ---- --- --..-- --.-- |....| --- ---- |... |....| |..--..| |..-- ---....| --......---...| -- |......-- ---.............---.-- ---- ......--- --- -....................| |..| -....... .| ................- ----..| --.....- ----- --.---- -..@Z......- |...-.--|......---...| ---...... |..>.......| |......--............| |...[...- --..........- --.............[*...-- - | --....%... |.......--- .| --.(...........)%..--- --...........| |.......| | |..............%---- |.........<..| ---.|.|.| |..............-- -............- -----.| ---......|....-- .................. .| |...|..----.--- -...................... --- -.--|..| --- |.... |....-----...---..- ---- |. - --- - ----- --- -- woodfighter the Adept Experience level: 8 Strength: 17 Dexterity: 12 Constitution: 13 Intelligence: 20 Wisdom: 10 Charisma: 8 Health: 0(51) Energy: 85(85) Def: 11 Gold: 0 Moves: 8566 Dungeon seed: pr6I2kVqAtj6ZQ_S Game ID: woodfighter_1534448563 Your Inventory: Weapons a - a blessed +1 mace (weapon in hand) Armor e - a +0 robe (being worn) n - a +0 small shield (being worn) p - a +0 pair of elven boots (being worn) q - a +0 orcish helm (being worn) r - a +0 dwarvish cloak D - a +0 dwarvish mithril-coat (being worn) Comestibles o - 5 food rations S - a tripe ration Scrolls L - a cursed scroll of enchant weapon Wands c - a wand of make invisible (0:1) Tools s - a sack y - a lock pick W - a towel Gems Q - a touchstone Contents of the sack: 2 eucalyptus leaves a sprig of wolfsbane a [+0] pick-axe Spells and supernatural/magical abilities: Name Level Category Fail Memory p - protection 1 clerical 66% 58% r - remove curse 3 clerical 16% 58% W - pray for help -- divine ? -- X - turn undead -- divine ? -- Your skills at the end: Miscellaneous Skills shield [Basic] wands [Basic] Weapon Skills mace [Skilled] Spellcasting Skills clerical spells [Basic] Final Attributes: You were piously aligned. You were sleep resistant. You were poison resistant. Your writing hand was ok. You had infravision. You were very stealthy. You are dead. Vanquished creatures: a giant mimic a large mimic a crocodile a giant beetle 4 wolves 3 gnome kings a dwarf mummy a gold golem 2 werewolves a housecat a jaguar a blue jelly 2 dust vortices 2 snakes a soldier ant a baby crocodile 3 rock piercers a pony 2 fog clouds 5 gnome lords 2 gnomish wizards a golden naga hatchling a guardian naga hatchling a gray ooze 2 elf zombies a ghoul 2 giant ants 3 puppies 12 dwarves 3 iguanas 4 hill orcs 7 rothes 2 jitterbugs 3 giant bats 2 killer bees 3 coyotes a gas spore 3 hobbits 2 large kobolds 3 geckos a hobgoblin a cave spider 2 brown molds 2 yellow molds 28 gnomes 8 manes 2 gnome zombies 13 jackals 5 kobolds 13 newts 5 goblins 3 sewer rats 13 grid bugs 8 lichens 2 kobold zombies 199 creatures vanquished. Voluntary challenges: You were not invisible. You did not have reflection. You were not displaced. You had been an atheist until turn 7532. You used a wielded weapon 284 times, starting on turn 2. You did not apply a unicorn horn. You did not use plumbed fixtures. You did not drink any magical draughts. You read items or engraved 4 times, starting on turn 1365. You never genocided any monsters. You never polymorphed an object. You never changed form. You completed Sokoban on turn 4987, according to the rules. You used no wishes. You never split a pudding. You never wrote Elbereth's name. You never violated your personal moral code. Dungeon overview: The Dungeons of Doom: levels 1 to 7 Level 1 a long staircase Level 2 (water) a scroll shop, a fountain Level 3 (box) Level 4 (box) a potion shop, a fountain stairs to The Gnomish Mines Level 5 many fountains Level 6 (water) a fountain, a sink stairs to Sokoban Level 7 The Gnomish Mines: levels 5 to 10 Level 5 stairs to The Dungeons of Doom Level 6 Level 7 (black unicorn) Level 8 many shops, a temple to Camaxtli, a magic chest, some fountains Level 9 <- You were here Level 10 Sokoban: levels 2 to 5 Level 2 a magic chest Level 3 Level 4 Level 5 a magic chest stairs to The Dungeons of Doom History has recorded: On T:1 you entered the Dungeons of Doom to retrieve the Amulet of Yendor! On T:326 you reached level 2 of The Dungeons of Doom. On T:503 you reached level 3 of The Dungeons of Doom. On T:768 you advanced to experience level 2. On T:994 you reached level 4 of The Dungeons of Doom. On T:1067 you advanced to experience level 3. On T:1781 you advanced to experience level 4. On T:1816 you reached level 1 of The Gnomish Mines. On T:1835 you reached level 5 of The Dungeons of Doom. On T:2050 you reached level 6 of The Dungeons of Doom. On T:2287 you advanced to experience level 5. On T:2329 you reached level 7 of The Dungeons of Doom. On T:2625 you reached level 4 of Sokoban. On T:2684 you opened a magic chest. On T:3086 you reached level 3 of Sokoban. On T:3680 you reached level 2 of Sokoban. On T:3756 you advanced to experience level 6. On T:4159 you reached level 1 of Sokoban. On T:4987 you advanced to experience level 7. On T:4987 you entered the Sokoban zoo. On T:5711 you reached level 2 of The Gnomish Mines. On T:6400 you reached level 3 of The Gnomish Mines. On T:7170 you reached level 4 of The Gnomish Mines. On T:7532 you prayed to Huhetotl. On T:7594 you advanced to experience level 8. On T:7662 you reached level 5 of The Gnomish Mines. On T:8158 you entered the Minetown temple On T:8562 you reached level 6 of The Gnomish Mines. Score breakdown: Gold: 0 ( 0 points) Experience: 8 levels ( 700 points) Exploration: 10 levels ( 270 points) Discoveries: 21 items ( 1050 points) Variety of kills: 55 monsters ( 2000 points) Major goal: finished Sokoban ( 1000 points) Survival: died (score multiplied by 3) Total score: 15060 Latest messages: You see here a thonged club. It is missed. You stop exploring. It is missed. (2x) You hear some noises in the distance. You see here a tin opener. My, that was a yummy magic bean! You finish eating the magic bean. You hear crashing rock. You hit the quantum mechanic! The quantum mechanic interacts with you! You hear crashing rock. You hit the quantum mechanic! The quantum mechanic interacts with you! Your position suddenly seems very uncertain! You hear crashing rock. The giant zombie scratches you! The giant zombie misses. The giant zombie scratches you! (2x) You hear crashing rock. You stop exploring. The giant zombie misses. The giant zombie scratches you! You hit the giant zombie! The giant zombie scratches you! (2x) You die... Final status: Goodbye woodfighter the Priestess, killed by a giant zombie... You died in The Gnomish Mines on dungeon level 9 with 15060 points, and 0 pieces of gold, after 8566 moves. You were level 8 with a maximum of 51 hit points when you died.